 Dungeon Crawl Stone Soup version 0.29-a0-477-g62b78b4225 (webtiles) character file.

Game seed: 673749482565325720

16 Requiem the Insei (level 2, -9/22 HPs)
             Began as a Demigod Transmuter on May 24, 2022.
             Mangled by Edmund
             ... wielding a +1 vorpal dire flail
              (16 damage)
             ... on level 4 of the Dungeon.
             The game lasted 00:06:48 (550 turns).

Requiem the Insei (Demigod Transmuter)               Turns: 550, Time: 00:06:48

Health: -9/22      AC:  5    Str: 11    XL:     2   Next: 27%
Magic:  7/7        EV: 10    Int: 15    God:
Gold:   20         SH:  0    Dex: 14    Spells: 3/4 levels left

rFire   . . .      SeeInvis .   b - +0 morningstar
rCold   . . .      Faith    .   (no shield)
rNeg    + . .      Spirit   .   c - +0 ring mail
rPois   .          Reflect  .   (no helmet)
rElec   .          Harm     .   (no cloak)
rCorr   .          Rampage  .   (no gloves)
Will    .....                   (no boots)
Stlth   +.........              (no amulet)
HPRegen 0.07/turn               e - ring of positive energy
MPRegen 0.10/turn               (no ring)

@: no status effects
A: high MP 1, forlorn, divine attributes
a: no special abilities


You were on level 4 of the Dungeon.
You visited 1 branch of the dungeon, and saw 4 of its levels.

You collected 20 gold pieces.

Inventory:

Hand Weapons
 b - a +0 morningstar (weapon)
Armour
 a - a +0 robe
 c - a +0 ring mail (worn)
Jewellery
 e - a ring of positive energy (left hand)
Scrolls
 f - a scroll of enchant armour {unknown}
Potions
 d - 3 potions of curing {unknown}


   Skills:
 + Level 0.8 Fighting
 + Level 0.3 Armour
 + Level 1.8 Dodging
 + Level 3.1 Unarmed Combat
 + Level 1.9 Spellcasting
 + Level 2.0 Transmutations


You had 3 spell levels left.
You knew the following spells:

 Your Spells              Type           Power      Damage    Failure   Level
a - Beastly Appendage     Tmut           14%        N/A       24%         1

Your spell library contained the following spells:

 Spells                   Type           Power      Damage    Failure   Level
 Wereblood                Tmut           7%         N/A       34%         2
 Sting                    Tmut/Pois      16%        1d3       36%         1
 Poisonous Vapours        Pois/Air       2%         N/A       63%         2
 Spider Form              Tmut/Pois      4%         N/A       73%         3
 Ice Form                 Ice/Tmut       4%         N/A       98%         4
 Olgreb's Toxic Radiance  Pois           1%         N/A       99%         4


Dungeon Overview and Level Annotations

Branches:
Dungeon (4/15)
 Temple: D:4-7

Annotations:
D:4 Edmund


Innate Abilities, Weirdness & Mutations

You have an increased reservoir of magic. (+10% MP)
You shall have no god before yourself.
Your divine heritage dramatically boosts your attributes as you level up.


Message History

Things that are here:
a +0 morningstar; an orc skeleton You see here an adder skeleton.
Things that are here:
a +0 morningstar; an orc skeleton
b - a +0 morningstar You see here an adder skeleton.
There are no objects that can be picked up here. an adder skeleton You see here an orc skeleton.
Found a stone staircase leading down.
Found 2 blue potions.
There is a stone staircase leading down here.
d - 2 blue potions
There are no items here.
There is a stone staircase leading down here.
You climb downwards.
Found a Young Poisoner's Handbook.
There is a stone staircase leading up here.
Found a shiny jade ring.
You pick up a Young Poisoner's Handbook and begin reading...
You add the spells Sting, Poisonous Vapours and Olgreb's Toxic Radiance to your library.
You can't go down here!
e - a ring of positive energy;
f - a scroll labelled GEOSABB SEACUM You can't go down here!
There are no items here.
e - a ring of positive energy (left hand)
b - a +0 morningstar (weapon)
Found a blue potion.
Edmund the Younger comes into view.
He is wielding a +1 vorpal dire flail.
Edmund asks, "Have you met my wondrous brother?"
You see here a blue potion.
d - 3 blue potions (gained 1)
You completely miss Edmund.
Edmund hits you with a +1 vorpal dire flail!
Ouch! That really hurt!
Edmund attacks as you move away!
Edmund hits you with a +1 vorpal dire flail!
Ouch! That really hurt!
You die...

##### #. ...#
###.###.#############
....................#
.##.##..###########.#
#...#.## #<#
#..###.## #...
##.@#...### ###.
#..@.....# .
#.......##.#.....#
#####......#.....#
#..##..# .....
#..##..# ...#
#........ ...#
#####.#### # #.


You could see Edmund.

Vanquished Creatures
  An adder (D:3)
  An orc (D:3)
  2 endoplasms (D:3)
  A hobgoblin (D:3)
  A bat (D:3)
  A rat (D:2)
7 creatures vanquished.

Vanquished Creatures (others)
  A demonic plant (D:2)
  A withered plant (D:2)
2 creatures vanquished.

Grand Total: 9 creatures vanquished

Notes
Turn   | Place    | Note
-------+----------+-------------------------------------------
     0 | D:1      | Requiem the Demigod Transmuter began the quest for the Orb.
     0 | D:1      | Reached XP level 1. HP: 15/15 MP: 5/5
   167 | D:3      | Reached skill level 3 in Unarmed Combat
   167 | D:3      | Reached XP level 2. HP: 9/22 MP: 7/7
   539 | D:4      | Noticed Edmund
   550 | D:4      | Mangled by Edmund

Illustrated notes

Levels and vault maps discovered:
D:1:      heliophobic_arrival_henge, layout_basic, serial_shops,
          nicolae_lakefront_shop, chequers_jeans, minmay_pentomino_z2
D:2:      layout_loops_ring, shapermc_ecumenical_altar_gd
D:3:      layout_basic
D:4:      layout_loops_cross, nicolae_sif_muna_little_library,
          mainiacjoe_overflow_boulevard, uniq_edmund, uniq_sigmund

Skill      XL: |  1 |
---------------+----+-----
Unarmed Combat | 3 |  3.1
Transmutations | 2 |  2.0
Fighting       | |  0.8
Armour         | |  0.3
Dodging        | |  1.8
Spellcasting   | |  1.9

Action                   || total
-------------------------++-------
Melee: Unarmed           ||    18
       Punch             ||     1
       Morningstar       ||     1
  Use: Potion            ||     1
Armor: Skin              ||     6
       Ring mail         ||     2
Dodge: Dodged            ||     6

Table legend: (Time is in decaauts)
 A = Elapsed time spent in this place.
 B = Non-inter-level travel time spent in this place.
 C = Inter-level travel time spent in this place.
 D = Time resting spent in this place.
 E = Time spent auto-exploring this place.
 F = Levels seen in this place.
 G = Mean time per level.
                   A        B        C        D        E       F      G
               +--------+--------+--------+--------+--------+-----+--------+
         Total |    547 |    409 |    138 |    315 |      0 |   4 |  136.8 |
       Dungeon |    547 |    409 |    138 |    315 |      0 |   4 |  136.8 |
               +--------+--------+--------+--------+--------+-----+--------+

Top non-repeatable levels by time:
     D:3: 445 daAuts
     D:1: 45 daAuts
     D:4: 33 daAuts
     D:2: 23 daAuts
